 Dungeon Crawl Stone Soup version 0.31.0-11-ge490571c62 (webtiles) character file.

Game seed: 12776888154863191889

41 Gadfly the Ruffian (level 3, 0/26 HPs)
             Began as a Demonspawn Shapeshifter on Jan 27, 2024.
             Slain by Crazy Yiuf
             ... wielding a +3 quarterstaff of chaos
              (7 damage)
             ... on level 3 of the Dungeon.
             The game lasted 00:01:33 (2473 turns).

Gadfly the Ruffian (Demonspawn Shapeshifter)        Turns: 2473, Time: 00:01:34

Health: 0/26       AC:  4    Str: 16    XL:     3   Next: 32%
Magic:  3/3        EV: 12    Int: 10    God:
Gold:   141        SH:  0    Dex: 12    Spells: 2/2 levels left

rFire   . .          .
                       - Unarmed
rCold   . . .        (no shield)
rNeg    . . .        a - +0 animal skin
rPois   .            (helmet currently unavailable)
rElec   .            (cloak currently unavailable)
rCorr   .            (gloves currently unavailable)
SInv    .            (boots currently unavailable)
Will    .....        (no amulet)
Stlth   +            (no ring)
HPRegen 0.24/turn    (no ring)
MPRegen 0.08/turn

%: no passive effects
@: beast-form
A: beast (slay +1), yellow scales 1
a: Begin Untransformation


You were on level 3 of the Dungeon.
You were a hulking beast.
You visited 1 branch of the dungeon, and saw 3 of its levels.

You collected 141 gold pieces.

Inventory:

Armour
 a - a +0 animal skin (worn)
Talismans
 c - a beast talisman
 d - a flux talisman
 m - a maw talisman
Scrolls
 e - a scroll of fear
 h - a scroll of teleportation {unknown}
 k - a scroll of poison {unknown}
 l - a scroll of vulnerability
Potions
 b - a potion of lignification
 g - a potion of curing
 i - a potion of might


   Skills:
 + Level 1.4 Fighting
 * Level 2.2 Dodging
 + Level 3.0 Unarmed Combat
 * Level 1.3 Evocations
 + Level 2.8 Shapeshifting


You had 2 spell levels left.
You didn't know any spells.
Your spell library contained the following spells:

 Spells                   Type           Power      Damage    Failure   Level
 Freeze                   Ice            0%         1d3       36%         1
 Frozen Ramparts          Ice            0%         1d1       75%         3
 Hailstorm                Conj/Ice       0%         3d5       75%         3


Dungeon Overview and Level Annotations

Branches:
Dungeon (3/15)

Altars:

Annotations:
D:3 Crazy Yiuf


Innate Abilities, Weirdness & Mutations

You are a hulking beast.
Your limbs bulge with bestial killing power. (Slay +1)
You are partially covered in yellow scales. (AC +2)


Message History

You see here a +0 short sword.
A kobold comes into view. It is wielding a +0 club.
A kobold is nearby!
The kobold shouts!
The kobold misses you.
You hit the kobold.
You kill the kobold!
No target in view!
No target in view!
No target in view!
No target in view!
No target in view!
No target in view!
No target in view!
You see here a +0 club.
Found a stone staircase leading up.
There is an open door here.
Found a hammer.
Found a runed translucent door.
Crazy Yiuf shouts!
No reachable target in view!
As you read the scroll of identify, it crumbles to dust.
j - a potion of invisibility You open the door.
Autopickup disabled for potions of invisibility.
You drop a potion of invisibility.
Crazy Yiuf says, "Adder aubergine foot!"
Crazy Yiuf hits you with a +3 quarterstaff of chaos!
You suddenly lose the ability to move!
You can move again.
Okay, then.
You hit Crazy Yiuf. You punch Crazy Yiuf, but do no damage.
Crazy Yiuf is lightly wounded.
Crazy Yiuf hits you with a +3 quarterstaff of chaos!
Crazy Yiuf burns you.
* * * LOW HITPOINT WARNING * * *
You barely miss Crazy Yiuf.
Crazy Yiuf is lightly wounded.
Crazy Yiuf yells, "Pitchfork ena return to song!"
Crazy Yiuf hits you with a +3 quarterstaff of chaos!
You die...

#........#...
##.......#...
#.......#... #####
#.......#... #)..#
#.....).##'# #...#
#.......##.# ...
#.......##.# #g#
#...?...##.# ♣h♣♣
##########.# ♣♣.♣
#.# ♣.♣♣ #.# ♣♣.♣
#.# ♣♣.♣♣ #.#
♣♣...♣ #.# ♣....♣
#.# #....#
##########.#
##..####...........


You could see Crazy Yiuf.

Vanquished Creatures
  A dart slug (D:1)
  A ribbon worm (D:2)
  2 ball pythons (D:1)
  4 endoplasms
  2 giant cockroaches (D:3)
  3 goblins (D:2)
  4 hobgoblins
  8 bats
  3 frilled lizards
  4 kobolds
  3 rats
35 creatures vanquished.

Notes
Turn   | Place    | Note
-------+----------+-------------------------------------------
     0 | D:1      | Gadfly the Demonspawn Shapeshifter began the quest for the
                  | Orb.
     0 | D:1      | Reached XP level 1. HP: 15/15 MP: 1/1
   223 | D:1      | Gained mutation: You are partially covered in yellow
                  | scales. (AC +2) [demonic ancestry]
   223 | D:1      | Reached XP level 2. HP: 19/21 MP: 2/2
   811 | D:2      | Identified the +0 leather armour "Quvibaf" {rF- rC+ rN+++
                  | SInv}
   966 | D:2      | Reached skill level 1 in Evocations
  1202 | D:2      | Found a faded altar of an unknown god.
  1388 | D:2      | Reached skill level 3 in Unarmed Combat
  1746 | D:3      | Reached XP level 3. HP: 26/26 MP: 3/3
  2465 | D:3      | Found a runed translucent door.
  2466 | D:3      | Noticed Crazy Yiuf
  2471 | D:3      | Paralysed by Crazy Yiuf for 1 turns
  2473 | D:3      | Slain by Crazy Yiuf

Illustrated notes

Levels and vault maps discovered:
D:1:      dpeg_arrival_fog, layout_loops_ring
D:2:      layout_basic, dreamdust_ecumenical_altar_angels_and_demons,
          kennysheep_generic_room_8
D:3:      layout_basic, uniq_crazy_yiuf_cottage

Skill      XL: |  1  2 |
---------------+-------+-----
Dodging        | 2 |  2.2
Evocations     | 1 |  1.3
Unarmed Combat | 3 |  3.0
Fighting       | |  1.4
Shapeshifting  | |  2.8

Action                     || total
---------------------------++-------
  Melee: Unarmed           ||   101
         Punch             ||     2
    Use: Scroll            ||     7
         Potion            ||     1
   Stab: Sleeping          ||     3
 Armour: Animal skin       ||    51
  Dodge: Dodged            ||    61
